 Dungeon Crawl Stone Soup version 0.14-a0-2162-g062a2ce (webtiles) character file.

13353 Econoterrorist the Grappler (level 11, -3/113 HPs)
             Began as a Troll Monk on Jan 28, 2014.
             Slain by an ice beast (5 damage)
             ... in an ice cave.
             The game lasted 01:04:09 (8938 turns).

Econoterrorist the Grappler (Troll Monk)            Turns: 8938, Time: 01:04:11

HP  -3/113       AC 10     Str 21      XL: 11   Next: 66%
MP   4/4         EV 14     Int  6      God:
Gold 574         SH  0     Dex 15      Spells:  0 memorised, 10 levels left

rFire  . . .     SeeInvis .       - Unarmed
rCold  . . .     Clarity  .     a - +0 troll leather armour (curse)
rNeg   + + .     Conserve .     (shield restricted)
rPois  .         rCorr    .     o - +2 hat
rElec  .         rRot     .     c - +0 cloak
SustAb . .       Spirit   .     (gloves unavailable)
rMut   .         Warding  +     (boots unavailable)
Gourm  +         Stasis   .     x - amulet of warding
MR     +....                    E - ring of protection from magic
                                K - ring of positive energy

@: somewhat resistant to hostile enchantments, unstealthy
A: unfitting armour, claws 3, fast metabolism 3, gourmand, regeneration 2,
saprovore 2, shaggy fur 1, tough skin 2
a: no special abilities


You were in an ice cave.
You were very full.

You visited 3 branches of the dungeon, and saw 14 of its levels.
You also visited: Ice Cave and Volcano.

You collected 630 gold pieces.
You spent 56 gold pieces at shops.

Inventory:

Hand weapons
 y - a +5,+2 orcish trident of flaming
Armour
 a - a cursed +0 troll leather armour (worn)
 c - a +0 cloak (worn)
 o - a +2 hat (worn)
Magical devices
 f - a wand of cold (1)
 z - a wand of magic darts (9)
 B - a wand of draining (6)
 H - a wand of draining (5)
 Q - a wand of enslavement (14)
 W - a wand of frost (13)
Comestibles
 b - 4 meat rations
 g - 4 apples
 n - a sausage
 q - 2 apricots
 u - 6 rotting chunks of sheep flesh
 F - 9 bread rations
 J - a rotting chunk of sheep flesh
 M - 2 chunks of centaur flesh
 O - a chunk of centaur flesh
 R - a choko
Scrolls
 h - a scroll of identify
 p - 2 scrolls of magic mapping
 s - 4 scrolls of teleportation
 v - 3 scrolls of enchant weapon II
 w - a scroll of fog
 G - 5 scrolls of remove curse
 N - 2 scrolls of amnesia
 V - a scroll of blinking {unknown}
Jewellery
 e - a cursed ring of wizardry
 x - an amulet of warding (around neck)
 D - an uncursed ring of regeneration
 E - a ring of protection from magic (right claw)
 K - a ring of positive energy (left claw)
 T - an uncursed ring of magical power
Potions
 j - a potion of berserk rage {unknown}
 k - a potion of degeneration {unknown}
 m - 3 potions of brilliance
 r - a potion of curing
 A - a potion of restore abilities
 I - a potion of resistance {unknown}
Books
 l - a book of Summonings

   Spells                             Type                      Level
   Abjuration                         Summoning                    3
   Recall                             Summoning/Translocation      3
   Summon Elemental                   Summoning                    4
   Shadow Creatures                   Summoning                    5
   Summon Demon                       Summoning                    5
   Summon Ugly Thing                  Summoning                    6
 S - a book of Party Tricks

   Spells                             Type                      Level
   Summon Butterflies                 Summoning                    1
   Apportation                        Translocation                1
   Blink                              Translocation                2
   Alistair's Intoxication            Transmutation/Poison         4
   Tukima's Dance                     Hexes                        5
 U - a book of Wizardry

   Spells                             Type                      Level
   Summon Elemental                   Summoning                    4
   Agony                              Necromancy                   5
   Force Lance                        Conjuration                  5
   Fireball                           Conjuration/Fire             5
   Haste                              Charms                       6
   Invisibility                       Hexes                        6


   Skills:
 + Level 8.4 Fighting
 + Level 8.4 Dodging
 - Level 1.1 Stealth
 * Level 13.4 Unarmed Combat


You had 10 spell levels left.
You didn't know any spells.

Dungeon Overview and Level Annotations

Branches:
Dungeon (10/16)            Temple (1/1) D:6            Lair (3/8) D:10
    Orc: D:9-12       Swamp: Lair:3-6    Shoals: Lair:3-6     Snake: Lair:3-6
 Spider: Lair:3-6

Altars:
Ashenzari
Cheibriados
Fedhas
Kikubaaqudgha
Xom

Shops:
D:9 (*


Innate Abilities, Weirdness & Mutations

You are too large for most types of armour.
You have claws for hands.
Your metabolism is lightning-fast.
You like to eat raw meat.
You heal very quickly.
You can eat rotten meat.
You are covered in fur (AC +1).
You have very tough skin (AC +2).


Message History

You feel better.
The ice beast hits you but does no damage.
The ice beast hits you.
* * * LOW HITPOINT WARNING * * *
The ice beast freezes you!
* * * LOW HITPOINT WARNING * * *
The ice beast barely misses you.
Put on which piece of jewellery? (? for menu, Esc to quit)
Okay, then.
Read which item? (? for menu, Esc to quit)
Okay, then.
Drink which item? (? for menu, Esc to quit)
You feel better. The ice beast hits you.
* * * LOW HITPOINT WARNING * * *
The ice beast freezes you!
* * * LOW HITPOINT WARNING * * *
The ice beast hits you.
* * * LOW HITPOINT WARNING * * *
The ice beast freezes you.
You die...

####...
##.......
##.........
##..........
#.......8..8
#.........%..
#.∩.∩....[.©.
#II......I?..
#@I.....8..8
##I.........
##.........
##...I...
####... ##


You could see 6 ice beasts.

Vanquished Creatures
  A rakshasa (D:9)
  Urug (D:10)
  The ghost of Turgon the Cudgeler, an experienced DsNe of Kikubaaqudgha (D:9)
  A troll (D:9)
  Grinder (D:5)
  A fire drake (Lair:3)
  2 two-headed ogres
  A vampire (Volcano)
  A wyvern (D:10)
  6 yaks (D:10)
  2 flying skulls (Volcano)
  Eustachio (D:5)
  4 sharks
  2 hungry ghosts
  Edmund (D:5)
  2 sky beasts
  5 giant goldfish
  2 ogres
  3 ice beasts
  2 orc warriors
  3 phantoms
  5 centaurs
  A crocodile (Lair:3)
  A giant slug (Lair:3)
  A gnoll sergeant (D:9)
  17 big kobolds
  3 giant frogs
  3 water moccasins
  9 killer bees
  A yak zombie (D:10)
  9 wights
  4 jellyfish
  A goliath beetle (D:8)
  2 jellies
  A hippogriff skeleton (D:5)
  10 electric eels
  7 crimson imps
  A two-headed ogre zombie (D:9)
  6 hounds
  Crazy Yiuf (D:7)
  5 orc wizards
  6 big fish
  3 iguanas
  2 orc priests
  7 worker ants
  4 scorpions
  4 sheep (Lair:3)
  Ijyb (D:5)
  A brain worm zombie (D:10)
  2 mummies (Volcano)
  A hound skeleton (D:10)
  2 giant centipedes
  18 gnolls
  A green rat (D:10)
  8 adders
  4 giant mites
  6 white imps (Lair:3)
  A goliath beetle zombie (D:9)
  A worm (D:3)
  An adder zombie (D:5)
  A scorpion zombie (D:8)
  2 giant eyeballs
  8 giant geckos
  2 oozes
  24 orcs
  A bat skeleton (D:5)
  2 giant cockroaches
  12 hobgoblins
  5 jackals
  28 kobolds
  4 quokkas
  A training dummy (D:9)
  17 bats
  10 giant newts
  3 giant spores
  12 goblins
  A goblin skeleton (D:5)
  A hobgoblin skeleton (D:8)
  2 illusory rakshasas (D:9)
  2 kobold skeletons
  2 kobold zombies
  20 rats
  5 ballistomycetes
  A plant (D:1)
  A toadstool (D:1)
371 creatures vanquished.

Vanquished Creatures (collateral kills)
  A two-headed ogre (D:10)
1 creature vanquished.

Vanquished Creatures (others)
  An electric eel (D:9)
  A halfling (D:6)
  2 orcs
  A quokka (D:6)
  3 training dummies (D:9)
  A giant spore (D:8)
  2 fungi (D:10)
  4 plants
  3 toadstools (D:1)
18 creatures vanquished.

Grand Total: 390 creatures vanquished

Notes
Turn   | Place    | Note
--------------------------------------------------------------
     0 | D:1      | Econoterrorist, the Troll Monk, began the quest for the Orb.
     0 | D:1      | Reached XP level 1. HP: 22/22 MP: 1/1
   135 | D:1      | Reached XP level 2. HP: 29/29 MP: 1/1
   734 | D:2      | Reached skill level 5 in Unarmed Combat
   734 | D:2      | Reached XP level 3. HP: 33/36 MP: 2/2
  1229 | D:2      | Found a blossoming altar of Fedhas.
  1459 | D:3      | Reached XP level 4. HP: 36/44 MP: 1/2
  1466 | D:3      | Reached skill level 6 in Unarmed Combat
  1793 | D:3      | Reached XP level 5. HP: 47/50 MP: 2/2
  1931 | D:4      | Noticed an ogre
  1944 | D:4      | Killed an ogre
  1944 | D:4      | Reached skill level 7 in Unarmed Combat
  2099 | D:4      | Reached XP level 6. HP: 59/59 MP: 3/3
  2625 | D:5      | Entered Level 5 of the Dungeon
  2693 | D:5      | Reached skill level 8 in Unarmed Combat
  2723 | D:5      | Noticed Ijyb
  2741 | D:5      | Killed Ijyb
  2914 | D:5      | Reached XP level 7. HP: 66/66 MP: 3/3
  2922 | D:5      | Noticed Grinder
  2933 | D:5      | Killed Grinder
  2933 | D:5      | Reached skill level 9 in Unarmed Combat
  2991 | D:5      | Noticed Edmund
  2999 | D:5      | Killed Edmund
  3112 | D:5      | Reached skill level 10 in Unarmed Combat
  3240 | D:5      | Reached XP level 8. HP: 74/74 MP: 3/3
  3381 | D:5      | Noticed Eustachio
  3392 | D:5      | Killed Eustachio
  4096 | D:6      | Reached skill level 5 in Dodging
  4096 | D:6      | Reached XP level 9. HP: 70/87 MP: 4/4
  4099 | D:6      | Reached skill level 5 in Fighting
  4234 | D:6      | Found a staircase to the Ecumenical Temple.
  4252 | Temple   | Entered the Ecumenical Temple
  4458 | D:7      | Noticed Crazy Yiuf
  4462 | D:7      | Killed Crazy Yiuf
  4743 | D:7      | Found a shattered altar of Ashenzari.
  4743 | D:7      | Found a snail-covered altar of Cheibriados.
  5090 | D:8      | Found a shimmering altar of Xom.
  5719 | D:9      | Reached XP level 10. HP: 72/100 MP: 4/4
  5777 | D:9      | Found Iclukol's Weapon Boutique.
  5821 | D:9      | Noticed Turgon's ghost (experienced DsNe)
  5823 | D:9      | Found Suffi's General Store.
  5849 | D:9      | Killed Turgon's ghost
  5849 | D:9      | Reached skill level 11 in Unarmed Combat
  6067 | D:9      | Noticed a rakshasa
  6246 | D:9      | Paralysed by a giant eyeball for 4 turns
  6278 | D:9      | Killed a rakshasa
  6749 | D:9      | Bought a scroll of identify for 28 gold pieces
  6749 | D:9      | Bought a scroll of identify for 28 gold pieces
  6810 | D:9      | Reached skill level 12 in Unarmed Combat
  7156 | D:9      | Reached XP level 11. HP: 107/109 MP: 4/4
  7254 | D:10     | Entered Level 10 of the Dungeon
  7524 | D:10     | Noticed Urug
  7532 | D:10     | Killed Urug
  7746 | D:10     | Found a staircase to the Lair.
  7818 | D:10     | Reached skill level 13 in Unarmed Combat
  8015 | Lair:1   | Entered Level 1 of the Lair of Beasts
  8220 | Lair:3   | Found a dark tunnel.
  8229 | Volcano  | Entered a volcano
  8690 | Lair:3   | Found a shimmering altar of Xom.
  8878 | Lair:3   | Found a frozen archway.
  8900 | IceCv    | Entered an ice cave
  8935 | IceCv    | HP: 3/113 [ice beast (10)]
  8938 | IceCv    | Slain by an ice beast

Action                   |  1- 3 |  4- 6 |  7- 9 | 10-12 || total
-------------------------+-------+-------+-------+-------++-------
Melee: Unarmed           |   137 |   176 |   326 |   530 ||  1169
Evoke: Wand              |       |     1 |     2 |     8 ||    11
  Use: Scroll            |       |     2 |     7 |    14 ||    23
       Potion            |       |     2 |       |     8 ||    10
 Stab: Sleeping          |     2 |       |     3 |     2 ||     7
